 Dungeon Crawl Stone Soup version 0.26.1-11-gd32895ea62 (webtiles) character file.

Game seed: 14274140017426429361

3479 McKennaii the Thaumaturge (level 9, 0/47 HPs)
             Began as a Deep Elf Conjurer on May 15, 2021.
             Was a Follower of Vehumet.
             Slain by a troll (6 damage)
             ... on level 9 of the Dungeon.
             The game lasted 00:22:25 (10183 turns).

McKennaii the Thaumaturge (Deep Elf Conjurer)      Turns: 10183, Time: 00:22:26

Health: 0/47       AC:  3    Str:  4    XL:     9   Next: 79%
Magic:  0/27       EV: 14    Int: 27    God:    Vehumet [*.....]
Gold:   555        SH:  0    Dex: 13    Spells: 26/32 levels left

rFire    . . .     SeeInvis +   i - +4 spear
rCold    . . .     Faith    .   (no shield)
rNeg     . . .     Spirit   .   a - +0 robe
rPois    +         Reflect  .   (no helmet)
rElec    .         Harm     .   (no cloak)
rCorr    .         Rampage  .   c - +0 pair of gloves
Will     .....                  (no boots)
Stlth    ++........             f - amulet of magic regeneration
HPRegen  0.15/turn              h - ring of poison resistance
MPRegen  0.45/turn              u - ring of see invisible

@: about to teleport
A: no striking features
a: Renounce Religion


You were on level 9 of the Dungeon.
You worshipped Vehumet.
Vehumet was aware of your devotion.
You visited 1 branch of the dungeon, and saw 9 of its levels.
You also visited: Sewer.

You collected 555 gold pieces.

Inventory:

Hand Weapons
 i - a +4 spear (weapon)
Armour
 a - a +0 robe (worn)
 c - a +0 pair of gloves (worn)
Jewellery
 f - an amulet of magic regeneration (around neck)
 h - a ring of poison resistance (left hand)
 j - an uncursed ring of flight
 l - an uncursed ring of ice
 u - a ring of see invisible (right hand)
Wands
 n - a wand of acid (6)
 s - a wand of iceblast (7)
 x - a wand of flame (10)
 B - a wand of polymorph (9)
 G - a wand of digging (3)
 H - a wand of random effects (19)
Scrolls
 b - 5 scrolls of immolation
 e - a scroll of fear
 o - 3 scrolls of teleportation
 y - a scroll of remove curse
 A - a scroll of fog
 C - a scroll of amnesia {unknown}
 E - a scroll of random uselessness {unknown}
 F - a scroll of enchant weapon
Potions
 g - a potion of magic
 k - 2 potions of lignification
 m - 3 potions of attraction
 p - 4 potions of curing
 q - 2 potions of brilliance
 r - 2 potions of haste
 t - 2 potions of invisibility {unknown}
 v - 3 potions of heal wounds
 w - a potion of mutation
 z - a potion of ambrosia {unknown}
 D - a potion of cancellation {unknown}
Miscellaneous
 d - a box of beasts


   Skills:
 + Level 1.1 Fighting
 + Level 4.0 Dodging
 + Level 3.2 Stealth
 * Level 12.4 Spellcasting
 * Level 11.1 Conjurations
 + Level 1.5 Translocations
 + Level 0.4 Evocations


You had 26 spell levels left.
You knew the following spells:

 Your Spells              Type           Power        Failure   Level
a - Magic Dart            Conj           100%         1%          1
b - Iskenderun's Mystic   Conj/Tloc      50%          2%          4
c - Foxfire               Conj/Fire      100%         1%          1

Your spell library contained the following spells:

 Spells                   Type           Power        Failure   Level
 Searing Ray              Conj           100%         1%          2
 Dazzling Flash           Conj/Hex       92%          1%          3
 Fulminant Prism          Conj/Hex       23%          3%          4


Dungeon Overview and Level Annotations

Branches:
Dungeon (10/15)             Sewer (visited)
 Temple: D:4-7         Lair: D:8-11         Orc: D:9-12

Altars:
Kikubaaqudgha
Nemelex Xobeh
Ru
Sif Muna
Vehumet
Wu Jian
Yredelemnul
Zin
The Shining One

Shops:
D:4 [   D:5 :   D:9 :


Message History

You barely miss the orc.
The orc is heavily wounded.
You hit the orc.
The orc is severely wounded.
The orc closely misses you.
You hit the orc.
You kill the orc!
Vehumet accepts your kill.
The sky beast flickers out of sight for a moment.
Casting: Magic Dart (safe; 1% risk of failure)
Confirm with . or Enter, or press ? or * to list all spells.
You erupt in a blast of force!
The mystic blast hits the sky beast.
The sky beast is lightly wounded.
The sky beast is knocked back by the mystic blast.
Unknown command.
As you read the scroll of teleportation, it crumbles to dust.
You feel strangely unstable. The troll bites you!
* * * LOW HITPOINT WARNING * * *
The troll claws you.
You die...

. #≈....Z
.≈#####≈....
.≈≈≈≈≈≈≈...
........
#..#...).
#.......#
#.#Z# # ##.#Y#
.# ##..#@##..#
#...T.....#.
#.#..).......#
#.........##
#..######.#
#.## # ##)#
#))# #.#)#


You could see a troll, a sky beast and a worker ant zombie.

Vanquished Creatures
  A two-headed ogre (D:9)
  Prince Ribbit (D:7)
  A wyvern (D:10)
  Eustachio (D:5)
  A sky beast (D:5)
  An ice beast (D:9)
  An orc warrior (D:6)
  5 ogres
  A phantom (D:6)
  2 centaurs
  2 bullfrogs
  2 scorpions
  2 jellies (D:6)
  3 hounds
  5 orc priests
  A centaur skeleton (D:5)
  9 orc wizards
  Terence (D:2)
  An iguana (D:6)
  6 worker ants
  A worker ant zombie (D:9)
  4 gnolls
  10 adders
  10 river rats
  An ufetubus (D:5)
  2 oozes
  An adder skeleton (D:6)
  5 worms
  3 dart slugs
  2 leopard geckos
  26 orcs
  3 giant cockroaches
  5 hobgoblins (D:1)
  A jackal (D:1)
  2 quokkas
  7 ball pythons
  5 bats
  10 frilled lizards
  11 goblins
  7 kobolds
  26 rats
189 creatures vanquished.

Vanquished Creatures (others)
  5 fungi (D:9)
  4 plants (D:9)
9 creatures vanquished.

Grand Total: 198 creatures vanquished

Notes
Turn   | Place    | Note
-------+----------+-------------------------------------------
     0 | D:1      | McKennaii the Deep Elf Conjurer began the quest for the
                  | Orb.
     0 | D:1      | Reached XP level 1. HP: 10/10 MP: 6/6
   180 | D:1      | Reached XP level 2. HP: 8/15 MP: 5/8
   577 | D:1      | Reached skill level 5 in Conjurations
  1093 | D:2      | Reached XP level 3. HP: 14/19 MP: 5/9
  1485 | D:2      | Found a basalt altar of Yredelemnul.
  1708 | D:2      | Reached XP level 4. HP: 21/24 MP: 6/11
  1773 | D:2      | Noticed Terence
  1937 | D:2      | Found a sparkling altar of Nemelex Xobeh.
  1937 | D:2      | Found an ancient bone altar of Kikubaaqudgha.
  2062 | D:2      | Learned a level 4 spell: Iskenderun's Mystic Blast
  2359 | D:2      | Killed Terence
  3114 | D:3      | Reached XP level 5. HP: 24/28 MP: 8/12
  3136 | D:3      | Reached skill level 4 in Spellcasting
  3180 | D:3      | HP: 1/28 [river rat (3)]
  3195 | D:3      | HP: 1/28 [rat (1)]
  3263 | D:3      | Found a glowing drain.
  3276 | Sewer    | Entered a sewer
  4178 | Sewer    | Reached XP level 6. HP: 32/32 MP: 10/14
  4556 | D:3      | Found a glowing silver altar of Zin.
  4618 | D:3      | Reached skill level 5 in Spellcasting
  5349 | D:3      | Found a faded altar of an unknown god.
  5656 | D:4      | Reached skill level 6 in Spellcasting
  5656 | D:4      | Reached XP level 7. HP: 25/36 MP: 12/18
  5925 | D:4      | Found Qavvef's Armour Boutique.
  6183 | D:4      | Reached skill level 7 in Spellcasting
  6725 | D:5      | Entered Level 5 of the Dungeon
  6807 | D:5      | Found a sacrificial altar of Ru.
  6875 | D:5      | Reached skill level 8 in Spellcasting
  7009 | D:5      | Reached XP level 8. HP: 39/41 MP: 15/22
  7094 | D:5      | Found Wuowesil's Book Boutique.
  7170 | D:5      | Found a glowing golden altar of the Shining One.
  7405 | D:5      | Noticed Eustachio
  7420 | D:5      | Killed Eustachio
  7421 | D:5      | Reached skill level 9 in Spellcasting
  7803 | D:5      | Found a radiant altar of Vehumet.
  7930 | D:5      | Became a worshipper of Vehumet
  8101 | D:6      | Found a shimmering blue altar of Sif Muna.
  8347 | D:6      | Found an ornate altar of the Wu Jian Council.
  8426 | D:6      | Reached skill level 10 in Spellcasting
  9196 | D:7      | Noticed Prince Ribbit
  9205 | D:7      | Killed Prince Ribbit
  9206 | D:7      | Reached XP level 9. HP: 33/46 MP: 18/25
  9534 | D:7      | Reached skill level 11 in Spellcasting
  9555 | D:7      | You fall into a shaft and drop 3 floors!
  9555 | D:10     | Entered Level 10 of the Dungeon
  9602 | D:10     | Reached skill level 10 in Conjurations
  9949 | D:9      | Noticed a two-headed ogre
  9956 | D:9      | Killed a two-headed ogre
  9957 | D:9      | Reached skill level 12 in Spellcasting
  9957 | D:9      | Reached skill level 1 in Translocations
 10042 | D:9      | Reached * piety under Vehumet
 10042 | D:9      | Offered knowledge of Foxfire by Vehumet.
 10045 | D:9      | Learned a level 1 spell: Foxfire
 10085 | D:9      | Found Ruod's Book Boutique.
 10175 | D:9      | Noticed a troll
 10177 | D:9      | Reached skill level 1 in Fighting
 10183 | D:9      | Slain by a troll

Illustrated notes

Levels and vault maps discovered:
D:1:      wander_arrival_estate, layout_loops_ring, minmay_close_crescents
D:2:      layout_basic, nicolae_overflow_crystal_walls,
          gammafunk_temple_overflow_wave, minmay_misc_feat_encased, uniq_terence
D:3:      layout_basic, lemuel_coloured_pillars_altar,
          lightli_sewer_entry_pipes, chequers_ecumenical_altar_lobes
D:4:      layout_loops_ring, serial_shops, shop
D:5:      layout_basic, general_overflow_altar,
          nicolae_ru_great_annihilating_truth, lemuel_crystal_altar,
          serial_shops, kennysheep_mini_moat, uniq_eustachio
D:6:      layout_gridville, pdpol_wu_jian_five_deadly_venoms,
          lemuel_crystal_altar
D:7:      layout_gridville, minmay_temple_entry_ruins, ashenzari_altar_1,
          uniq_prince_ribbit1
D:9:      layout_rooms, dpeg_oklobed_lair, enter_bailey_3, serial_shops,
          nicolae_shop_behind_doors, nicolae_shop_behind_doors, shop
D:10:     layout_gridville, erik_orc_1

Skill      XL: |  1  2  3  4  5  6  7  8  9 |
---------------+----------------------------+-----
Conjurations   | 5 6 7 8 9 11 | 11.1
Spellcasting   | 4 6 8 10 12 | 12.4
Dodging        | 3 4 |  4.0
Stealth        | 3 |  3.2
Translocations | 1 |  1.5
Fighting       | 1 |  1.1
Evocations     | |  0.4

Action                   |  1- 3 |  4- 6 |  7- 9 || total
-------------------------+-------+-------+-------++-------
Melee: Spear             |       |     3 |    14 ||    17
 Cast: Magic Dart        |    71 |   234 |   346 ||   651
       Iskenderun's Myst |       |       |    24 ||    24
Evoke: Wand              |       |       |     5 ||     5
  Use: Scroll            |       |     8 |     7 ||    15
       Potion            |       |       |     3 ||     3
Armor: Robe              |       |     8 |    19 ||    27
Dodge: Dodged            |     3 |    50 |    71 ||   124
